 Dungeon Crawl Stone Soup version 0.23.1-37-gaa34b87 (webtiles) character file.

Game seed: 9077319734001971301

6644 Borgoz the Slicer (level 11, -6/94 HPs)
             Began as a Ghoul Monk on Mar 22, 2019.
             Was a Believer of Ashenzari.
             Mangled by an ogre
             ... wielding a +0 giant spiked club
              (18 damage)
             ... on level 10 of the Dungeon.
             The game lasted 00:16:57 (8869 turns).

Borgoz the Slicer (Ghoul Monk)                      Turns: 8869, Time: 00:16:58

Health: -6/94      AC: 21    Str: 16    XL:     11   Next: 2%
Magic:  10/10      EV:  4    Int: 12    God:    Ashenzari [**....]
Gold:   479        SH:  0    Dex: 12    Spells: 10/10 levels left

rFire    . . .     SeeInvis .   a - +0 short sword (venom)
rCold    + . .     Gourm    .   (no shield)
rNeg     + + +     Faith    .   B - +0 crystal plate armour
rPois    ∞         Spirit   .   f - +2 hat
rElec    .         Reflect  .   (no cloak)
rCorr    .         Harm     .   (no gloves)
MR       .....                  (no boots)
Stlth    ..........             (no amulet)
HPRegen  0.00/turn              q - ring of flight
MPRegen  0.12/turn              w - +5 ring of intelligence

@: rotting, hasted, very quick
A: rotting body, claws 1, carnivore, cold resistance 1, negative energy
resistance 3, inhibited regeneration, torment resistance, unbreathing
a: Curse Item, Scrying, Renounce Religion, Evoke Flight


You were on level 10 of the Dungeon.
You worshipped Ashenzari.
Ashenzari was pleased with you.
You were not hungry.

You visited 2 branches of the dungeon, and saw 12 of its levels.

You collected 479 gold pieces.

Inventory:

Hand Weapons
 a - a +0 short sword of venom (weapon)
 b - a +0 blowgun
 j - a +2 dagger of venom
 l - a cursed +2 short sword of distortion
 v - a +0 rapier
 z - a +0 rapier
 A - a +0 mace of protection
Missiles
 m - 7 javelins of returning
 r - 22 poisoned needles
 y - 2 tomahawks (quivered)
Armour
 f - a +2 hat (worn)
 h - a +1 ring mail
 k - the +0 helmet of Daaromaf {rElec Regen+ Str+2 Int-3}
   (You took it off Robin on level 2 of the Dungeon)

   It affects your strength (+2).
   It affects your intelligence (-3).
   It insulates you from electricity.
   It increases your rate of regeneration.
 B - a +0 crystal plate armour (worn)
Jewellery
 q - a ring of flight (left claw)
 w - a +5 ring of intelligence (right claw)
 E - an uncursed ring of stealth
Wands
 t - a wand of clouds (4)
 u - a wand of random effects (6)
 x - a wand of acid (11)
Scrolls
 c - 2 scrolls of enchant weapon
 g - 2 scrolls of magic mapping
 s - 6 scrolls of teleportation
 C - a scroll of fog {unknown}
 D - a scroll of enchant armour
 G - a scroll of identify
Potions
 d - 2 potions of flight
 e - 2 potions of cancellation
 o - a potion of might
Comestibles
 p - 13 rations


   Skills:
 + Level 8.1 Fighting
 * Level 8.3 Short Blades
 * Level 7.9 Armour
 * Level 8.1 Dodging
 - Level 2.1 Stealth
 - Level 3.2 Unarmed Combat


You had 10 spell levels left.
You didn't know any spells.
Your spell library contained the following spells:

 Spells                   Type           Power        Failure   Level  Hunger
 Poisonous Vapours        Pois/Air       #.....       100%        2    ###....
 Conjure Flame            Conj/Fire      #.......     100%        3    ####...
 Mephitic Cloud           Conj/Pois/Air  #.......     100%        3    ####...
 Freezing Cloud           Conj/Ice/Air   #.........   100%        6    #######
 Ring of Flames           Chrm/Fire      #.........   100%        7    #######


Dungeon Overview and Level Annotations

Branches:
Dungeon (11/15)            Temple (1/1) D:6
   Lair: D:8-11         Orc: D:9-12

Altars:
Ashenzari
Cheibriados
Dithmenos
Elyvilon
Fedhas
Gozag
Hepliaklqana
Kikubaaqudgha
Makhleb
Nemelex Xobeh
Okawaru
Qazlal
Ru
Sif Muna
Trog
Uskayaw
Vehumet
Wu Jian
Xom
Yredelemnul
Zin
The Shining One

Annotations:
D:10 Grum


Innate Abilities, Weirdness & Mutations

Your body is rotting away.
You thrive on raw meat.
You are immune to poison.
You have sharp fingernails.
You are carnivorous and can eat meat at any time.
Your flesh is cold resistant. (rC+)
You are immune to negative energy. (rN+++)
You do not regenerate when monsters are visible.
You are immune to unholy pain and torment.
You can survive without breathing.


Message History

The ogre is heavily wounded.
The centaur warrior skeleton barely misses you.
The centaur zombie closely misses you.
The bullfrog hits you but does no damage.
You closely miss the bullfrog.
The ogre hits you with a +0 giant spiked club.
* * * LOW HITPOINT WARNING * * *
The centaur warrior skeleton hits you but does no damage.
You completely miss the orc warrior.
The centaur zombie hits you but does no damage.
The bullfrog hits you but does no damage.
You hit the orc warrior.
The orc warrior is lightly wounded.
The centaur warrior skeleton hits you but does no damage.
The bullfrog hits you but does no damage.
The centaur zombie hits you but does no damage.
You hit the centaur zombie.
The centaur zombie is lightly damaged.
The ogre hits you with a +0 giant spiked club!!
You die...

........)....
.....######......#,,
, , ...... ,
......... .. ..>..#
####......## ... ≈
.....
?..........##...#
#...........#...# ≈≈
#...............# ,
#.......o........ ≈
, .......oF@.......
.....o..OZZ...... ,
, ,
..........##..... ,,
...##............ ,
#..).........* ,
*#............ ≈ ,
,...........##. ≈ ,
.........##.## , ≈
.......... ... ,


You could see 2 orc warriors, an ogre, a bullfrog, an orc priest, a centaur
zombie and a centaur warrior skeleton.

Vanquished Creatures
  Harold (D:8)
  A cyclops (D:9)
  Joseph (D:8)
  The ghost of ThisFiasco the Twirler, a novice DrGl (D:4)
  2 hippogriffs
  A wyvern (D:7)
  Eustachio (D:6)
  2 hungry ghosts (D:9)
  Menkaure (D:5)
  Edmund (D:4)
  3 orc warriors
  A sky beast (D:11)
  An ice beast (D:5)
  2 phantoms
  A necrophage (D:7)
  4 ogres
  A wolf (D:11)
  A crocodile (D:9)
  A centaur (D:9)
  A big kobold (D:9)
  3 bullfrogs
  A gnoll sergeant (D:9)
  4 scorpions
  7 killer bees (D:7)
  6 wights
  2 howler monkeys (D:6)
  3 crimson imps
  A centaur zombie (D:7)
  2 bullfrog zombies
  2 bullfrog skeletons (D:5)
  3 hounds
  9 orc wizards
  5 orc priests
  2 jellies
  Jessica (D:3)
  2 iguanas
  2 worker ants
  A hound skeleton (D:9)
  Robin (D:2)
  A howler monkey zombie (D:8)
  A worker ant zombie (D:5)
  3 gnolls (D:9)
  10 adders
  An adder skeleton (D:7)
  A worm (D:2)
  3 dart slugs
  4 leopard geckos
  50 orcs
  A ball python (D:3)
  9 bats
  6 giant cockroaches
  18 goblins
  7 hobgoblins
  9 jackals
  17 kobolds
  3 quokkas
  9 frilled lizards
  A leopard gecko skeleton (D:7)
  A leopard gecko zombie (D:7)
  A quokka skeleton (D:6)
  A quokka zombie (D:8)
  14 rats
256 creatures vanquished.

Notes
Turn   | Place    | Note
-------+----------+-------------------------------------------
     0 | D:1      | Borgoz the Ghoul Monk began the quest for the Orb.
     0 | D:1      | Reached XP level 1. HP: 19/19 MP: 0/0
   112 | D:1      | Reached XP level 2. HP: 26/26 MP: 1/1
   143 | D:1      | Reached skill level 1 in Armour
   251 | D:1      | Reached XP level 3. HP: 28/31 MP: 2/2
   664 | D:2      | Identified the +0 helmet of Daaromaf {rElec Regen+ Str+2
                  | Int-3}
   664 | D:2      | Noticed Robin
   712 | D:2      | Killed Robin
   712 | D:2      | Reached XP level 4. HP: 22/40 MP: 3/3
   788 | D:2      | Noticed an ogre
  1123 | D:2      | Killed an ogre
  1123 | D:2      | Reached skill level 1 in Short Blades
  1123 | D:2      | Reached XP level 5. HP: 16/46 MP: 4/4
  1903 | D:3      | Found a deep blue altar of Sif Muna.
  1971 | D:3      | Noticed Jessica
  1985 | D:3      | Killed Jessica
  1985 | D:3      | Reached XP level 6. HP: 50/52 MP: 5/5
  2424 | D:4      | Found a shimmering altar of Xom.
  2429 | D:4      | Noticed Edmund
  2455 | D:4      | Killed Edmund
  2891 | D:4      | Found a runed translucent door.
  2892 | D:4      | Noticed ThisFiasco's ghost (novice DrGl)
  2943 | D:4      | Found a radiant altar of Vehumet.
  2949 | D:4      | Reached XP level 7. HP: 47/60 MP: 6/6
  3259 | D:5      | Entered Level 5 of the Dungeon
  3596 | D:5      | Reached skill level 5 in Fighting
  3913 | D:5      | Reached XP level 8. HP: 47/68 MP: 7/7
  4145 | D:5      | Noticed Menkaure
  4165 | D:5      | Killed Menkaure
  4280 | D:5      | Reached skill level 5 in Armour
  4500 | D:6      | Noticed Eustachio
  4522 | D:6      | Killed Eustachio
  4822 | D:6      | Reached skill level 5 in Dodging
  4961 | D:6      | Reached skill level 5 in Short Blades
  5258 | D:6      | Found a shadowy altar of Dithmenos.
  5334 | D:6      | Reached XP level 9. HP: 71/75 MP: 8/8
  5401 | D:6      | Found a staircase to the Ecumenical Temple.
  5511 | Temple   | Entered the Ecumenical Temple
  5626 | Temple   | Became a worshipper of Ashenzari the Shackled
  5626 | Temple   | Reached * piety under Ashenzari
  5626 | Temple   | Reached ** piety under Ashenzari
  6677 | D:8      | Noticed Joseph
  6713 | D:8      | Killed Joseph
  6743 | D:8      | Reached XP level 10. HP: 46/86 MP: 9/9
  6774 | D:8      | Noticed Harold
  6803 | D:8      | Killed Harold
  6956 | D:8      | Identified a scroll of acquirement
  7654 | D:4      | Killed ThisFiasco's ghost
  8028 | D:9      | Noticed a cyclops
  8102 | D:9      | HP: 4/88 [cyclops/large rock (20)]
  8108 | D:9      | Killed a cyclops
  8328 | D:9      | Found a bloodstained altar of Trog.
  8368 | D:9      | Found a hazy altar of Hepliaklqana.
  8702 | D:10     | Entered Level 10 of the Dungeon
  8740 | D:10     | Noticed Grum
  8769 | D:11     | Reached XP level 11. HP: 33/94 MP: 10/10
  8814 | D:11     | Noticed a seven-headed hydra
  8869 | D:10     | Mangled by an ogre

Skill      XL: |  1  2  3  4  5  6  7  8  9 10 |
---------------+-------------------------------+-----
Dodging        | 3 4 5 6 8 |  8.1
Armour         | 1 2 3 4 5 6 7 |  7.9
Fighting       | 4 5 6 7 8 |  8.1
Short Blades   | 1 2 3 5 6 8 |  8.3
Stealth        | |  2.1
Unarmed Combat | |  3.2

Action                   |  1- 3 |  4- 6 |  7- 9 | 10-12 || total
-------------------------+-------+-------+-------+-------++-------
Melee: Unarmed           |   129 |    30 |       |       ||   159
       Punch             |     2 |       |     6 |     3 ||    11
       Dagger            |       |    61 |       |       ||    61
       Short sword       |       |    79 |   593 |   659 ||  1331
  Use: Scroll            |       |     7 |     1 |     9 ||    17
       Potion            |       |       |     1 |     4 ||     5
 Stab: Sleeping          |     6 |     2 |       |       ||     8
  Eat: Chunk             |    10 |    14 |    29 |    33 ||    86
Armor: Robe              |    24 |     2 |       |       ||    26
       Ring mail         |       |    29 |    80 |       ||   109
       Crystal plate arm |       |       |   318 |   513 ||   831
Dodge: Dodged            |    81 |   116 |   178 |    92 ||   467
